 Dungeon Crawl Stone Soup version 0.31.0-32-g396128a36d (webtiles) character file.

Game seed: 14957008628059262302

459 Jinxx the Chiller (level 7, -10/48 HPs)
             Began as a Merfolk Ice Elementalist on Apr 7, 2024.
             Killed from afar by Dowan (17 damage)
             ... with a shard of ice
             ... on level 4 of the Dungeon.
             The game lasted 00:09:22 (3235 turns).

Jinxx the Chiller (Merfolk Ice Elementalist)        Turns: 3235, Time: 00:09:22

Health: -10/48     AC:  9    Str:  8    XL:     7   Next: 6%
Magic:  4/21       EV: 13    Int: 17    God:
Gold:   155        SH:  0    Dex: 14    Spells: 2/12 levels left

rFire   . . .        n - +2 short sword (holy)
rCold   . . .        (no shield)
rNeg    . . .        a - +0 robe
rPois   .            (no helmet)
rElec   .            (no cloak)
rCorr   .            (no gloves)
SInv    .            i - +0 pair of boots
Will    +....        (no amulet)
Stlth   ++           s - ring of magical power
HPRegen 0.28/turn    (no ring)
MPRegen 0.17/turn

%: no passive effects
@: mighty, ice-armoured, freezing walls, enlightened, flying
A: (nimble swimmer 2), mertail
a: no special abilities


You were on level 4 of the Dungeon.
You visited 1 branch of the dungeon, and saw 4 of its levels.

You collected 155 gold pieces.

Inventory:

Hand Weapons
 n - a +2 short sword of holy wrath (weapon)
Armour
 a - a +0 robe (worn)
 i - a +0 pair of boots (worn)
Magical Staves
 r - a staff of alchemy
Jewellery
 s - a ring of magical power (left hand)
Wands
 o - a wand of iceblast (3)
Scrolls
 c - 4 scrolls of teleportation {unknown}
 e - a scroll of enchant weapon {unknown}
 h - a scroll of revelation {unknown}
 j - 3 scrolls of identify {unknown}
 p - 2 scrolls of vulnerability {unknown}
 t - a scroll of blinking {unknown}
Potions
 b - 2 potions of magic
 d - a potion of might
 f - a potion of ambrosia {unknown}
 g - a potion of curing {unknown}
 k - a potion of invisibility {unknown}
 l - a potion of enlightenment
 q - a potion of attraction {unknown}
 u - a potion of haste {unknown}


   Skills:
 * Level 1.6 Fighting
 + Level 2.5 Short Blades
 + Level 0.2 Maces & Flails
 * Level 1.1 Armour
 * Level 4.1 Dodging
 + Level 3.0 Stealth
 * Level 3.4 Spellcasting
 * Level 0.4 Summonings
 * Level 6.0 Ice Magic
 * Level 1.0 Alchemy
 * Level 1.0 Evocations


You had 2 spell levels left.
You knew the following spells:

 Your Spells              Type           Power      Damage    Failure   Level
a - Freeze                Ice            92%        1d9       1%          1
b - Frozen Ramparts       Ice            46%        1d7       4%          3
c - Ozocubu's Armour      Ice            23%        N/A       4%          3
d - Summon Ice Beast      Ice/Summ       13%        N/A       13%         3

Your spell library contained the following spells:

 Spells                   Type           Power      Damage    Failure   Level
 Iskenderun's Battlesphe  Conj           2%         2d6       99%         5
 Bombard                  Conj/Erth      1%         9d1       100%        6
 Spellforged Servitor     Conj/Summ      1%         N/A       100%        7


Dungeon Overview and Level Annotations

Branches:
Dungeon (4/15)
 Temple: D:4-7

Altars:

Annotations:
D:4 Dowan


Innate Abilities, Weirdness & Mutations

((You are very nimble when in or above water. (Stealth+, EV+, Speed+++)))
Your lower body shifts to a powerful aquatic tail in water.


Message History

Your ice beast hits Duvessa.
Your ice beast freezes Duvessa!
Duvessa dies!
Dowan seems overcome with grief.
Dowan seems to find hidden reserves of power!
The wall freezes Dowan.
Dowan hits you with a +0 dagger.
The wall freezes the hound.
Your Dodging skill increases to level 4!
Your Stealth skill increases to level 3!
Your Evocations skill increases to level 1!
Aiming: Freeze (safe; 1% risk of failure)
Press: ? - help, Q - select action, (/) - cycle Shift-Dir - straight line, f - hound
Aim: a hound (heavily wounded)
You freeze the hound.
The hound is almost dead.
The wall freezes Dowan.
Dowan hits you with a +0 dagger.
The wall freezes the hound.
You kill the hound!
Your ice beast barely misses Dowan.
Your Ice Magic skill increases to level 6!
Your Alchemy skill increases to level 1!
You have reached level 7!
Aiming: Freeze (safe; 1% risk of failure)
Press: ? - help, Q - select action, (/) - cycle Shift-Dir - straight line, f - Dowan
Aim: Dowan, wielding a +0 dagger and wearing a +0 robe (severely wounded, fast, ally target)
You freeze Dowan.
Dowan is severely wounded.
The wall freezes Dowan but does no damage.
Dowan says, "How can I live without her?"
Dowan points at you and mumbles some strange words.
The stone arrow hits you!
* * * LOW HITPOINT WARNING * * *
Your ice beast barely misses Dowan.
The wall freezes Dowan.
Dowan points at you and mumbles some strange words.
The stone arrow hits you but does no damage.
It was a potion of might.
You feel very mighty all of a sudden.
The wall freezes Dowan but does no damage.
Dowan casts a spell at you. The shard of ice hits you!
You die...

.# ...##.# .....
... ..#..# .....
...# ..... .... ..
K.... .... #..#
... ...##.† #..#
... .)).######..#
#... #)e..^.....#
.... #@Y#
##.<..###...#
#.####.........#
#.............##
#..####..#...##
##.####......#####
##......#.....#.>
#.#....##.......
####..........#.
###.............


You could see Dowan (fast, ally target) and a friendly ice beast (summoned).

Vanquished Creatures
  Sigmund (D:3)
  A hound (D:4)
  A bombardier beetle (D:3)
  4 gnolls (D:2)
  3 adders
  2 ribbon worms
  An orc (D:3)
  4 bats
  6 endoplasms
  3 giant cockroaches
  6 goblins
  3 hobgoblins
  6 jackals
  7 kobolds
  5 quokkas
  2 ball pythons (D:2)
  5 frilled lizards
  6 rats
66 creatures vanquished.

Vanquished Creatures (collateral kills)
  Duvessa (D:4)
  A ball python (D:4)
2 creatures vanquished.

Grand Total: 68 creatures vanquished

Notes
Turn   | Place    | Note
-------+----------+-------------------------------------------
     0 | D:1      | Jinxx the Merfolk Ice Elementalist began the quest for the
                  | Orb.
     0 | D:1      | Reached XP level 1. HP: 13/13 MP: 3/3
   371 | D:1      | Reached XP level 2. HP: 18/19 MP: 3/5
   578 | D:1      | Reached skill level 5 in Ice Magic
   962 | D:1      | Reached XP level 3. HP: 20/24 MP: 4/6
  1338 | D:2      | Reached skill level 1 in Short Blades
  1582 | D:2      | HP: 1/24 [ribbon worm (4)]
  1898 | D:2      | Reached XP level 4. HP: 30/30 MP: 7/7
  1983 | D:2      | Learned a level 3 spell: Frozen Ramparts
  1987 | D:2      | Learned a level 3 spell: Ozocubu's Armour
  2347 | D:3      | Noticed Sigmund
  2353 | D:3      | Killed Sigmund
  2354 | D:3      | Reached skill level 1 in Fighting
  2354 | D:3      | Reached skill level 1 in Armour
  2354 | D:3      | Reached XP level 5. HP: 31/37 MP: 2/9
  2354 | D:3      | Reached XP level 6. HP: 36/43 MP: 2/10
  2547 | D:3      | Found a faded altar of an unknown god.
  2701 | D:3      | Learned a level 3 spell: Summon Ice Beast
  3194 | D:4      | Noticed Dowan
  3194 | D:4      | Noticed a black bear
  3212 | D:4      | Noticed Duvessa
  3232 | D:4      | Killed Duvessa
  3233 | D:4      | Reached skill level 1 in Evocations
  3234 | D:4      | Reached skill level 6 in Ice Magic
  3234 | D:4      | Reached skill level 1 in Alchemy
  3234 | D:4      | Reached XP level 7. HP: 16/48 MP: 4/12
  3235 | D:4      | Killed from afar by Dowan

Illustrated notes

Levels and vault maps discovered:
D:1:      reono_arrival_mine, layout_loops_ring, serial_forest,
          infiniplex_forest_end_3, infiniplex_forest_corner_2,
          infiniplex_forest_clump_long, infiniplex_forest_zigzag_1,
          infiniplex_forest_straight_2, infiniplex_forest_lined_1,
          infiniplex_forest_straight_3
D:2:      layout_loops_ring
D:3:      layout_basic, hellmonk_ecumenical_altar_inner_sanctum, uniq_sigmund
D:4:      layout_cave_pools, fedhas_altar_decomposition,
          minmay_temple_entry_trees, uniq_grinder, uniq_pikel, uniq_duvessa

Skill      XL: |  1  2  3  4  5  6 |
---------------+-------------------+-----
Ice Magic      | 5 6 |  6.0
Short Blades   | 1 2 |  2.5
Dodging        | 3 4 |  4.1
Fighting       | 1 |  1.6
Armour         | 1 |  1.1
Spellcasting   | 3 |  3.4
Stealth        | 3 |  3.0
Evocations     | 1 |  1.0
Alchemy        | 1 |  1.0
Maces & Flails | |  0.2
Summonings     | |  0.4

Action                     |  1- 3 |  4- 6 |  7- 9 || total
---------------------------+-------+-------+-------++-------
  Melee: Unarmed           |    20 |       |       ||    20
         Club              |    20 |       |       ||    20
         Short sword       |    36 |    63 |       ||    99
         Punch             |     2 |       |       ||     2
   Cast: Freeze            |    42 |     7 |     1 ||    50
         Frozen Ramparts   |       |     7 |       ||     7
         Ozocubu's Armour  |       |     4 |       ||     4
         Summon Ice Beast  |       |     2 |       ||     2
  Evoke: Wand              |       |     2 |       ||     2
    Use: Potion            |       |     1 |     1 ||     2
   Stab: Sleeping          |     7 |     1 |       ||     8
         Distracted        |     1 |       |       ||     1
 Armour: Robe              |    54 |    43 |     3 ||   100
  Dodge: Dodged            |    66 |    42 |       ||   108
